 Dungeon Crawl Stone Soup version 0.28-a0-1406-ga8dd43b1d0 (webtiles) character file.

Game seed: 2734663198959107754

7 Froggeryz the Ducker (level 2, -3/23 HPs)
             Began as a Ghoul Wanderer on Jan 6, 2022.
             Slain by a hobgoblin (4 damage)
             ... on level 1 of the Dungeon.
             The game lasted 00:00:31 (290 turns).

Froggeryz the Ducker (Ghoul Wanderer)                Turns: 290, Time: 00:00:32

Health: -3/23      AC:  3    Str: 14    XL:     2   Next: 4%
Magic:  2/2        EV: 12    Int:  9    God:
Gold:   24         SH:  0    Dex:  7    Spells: 2/3 levels left

rFire   . . .      SeeInvis .   e - +1 mace (vorpal)
rCold   + . .      Faith    .   (no shield)
rNeg    + + +      Spirit   .   d - +0 leather armour
rPois   ∞          Reflect  .   (no helmet)
rElec   .          Harm     .   (no cloak)
rCorr   .          Rampage  .   (no gloves)
Will    .....                   (no boots)
Stlth   +.........              (no amulet)
HPRegen 0.00/turn               (no ring)
MPRegen 0.08/turn               (no ring)

@: inhibited regen
A: claws 1, cold resistance 1, negative energy resistance 3, inhibited
regeneration, torment resistance 2
a: no special abilities


You were on level 1 of the Dungeon.
You visited 1 branch of the dungeon, and saw 1 of its levels.

You collected 24 gold pieces.

Inventory:

Hand Weapons
 e - a +1 vorpal mace (weapon)
Missiles
 b - 3 throwing nets (quivered)
Armour
 d - a +0 leather armour (worn)
Scrolls
 a - a scroll of teleportation {unknown}
 c - a scroll of fog
 f - a scroll of magic mapping {unknown}


   Skills:
 + Level 1.1 Fighting
 - Level 4.5 Dodging
 - Level 2.1 Stealth
 + Level 1.1 Unarmed Combat
 - Level 1.0 Spellcasting
 - Level 1.7 Transmutations


You had 2 spell levels left.
You knew the following spells:

 Your Spells              Type           Power      Damage    Failure   Level
a - Sting                 Tmut/Pois      8%         1d3       32%         1

Your spell library contained the following spells:

 Spells                   Type           Power      Damage    Failure   Level
 Ignite Poison            Fire/Tmut/Pois 1%         N/A       73%         3


Dungeon Overview and Level Annotations

Branches:
Dungeon (1/15)

Altars:


Innate Abilities, Weirdness & Mutations

You thrive by killing the living.
You are immune to poison.
You have sharp fingernails.
Your flesh is cold resistant. (rC+)
You are immune to negative energy. (rN+++)
You do not regenerate when monsters are visible.
You are immune to unholy pain and torment.


Message History

You see here a frilled lizard corpse.
A kobold comes into view. It is wielding a +0 dagger.
A kobold is nearby!
A kobold is nearby!
The kobold shouts!
The kobold throws a stone.
The stone barely misses you.
Found 17 gold pieces.
The kobold throws a stone.
The stone completely misses you.
A ball python and a hobgoblin come into view.
Found a hand axe.
There are monsters nearby!
The kobold hits you but does no damage.
You closely miss the kobold.
The ball python hisses angrily.
The kobold hits you with a +0 dagger.
You closely miss the kobold. The kobold barely misses you. x2
You barely miss the kobold. The kobold misses you.
You closely miss the kobold. The kobold hits you with a +0 dagger.
The hobgoblin hits you.
You hit the kobold.
You kill the kobold!
The hobgoblin closely misses you. The ball python bites you.
The ball python grabs you. The ball python constricts you.
The hobgoblin closely misses you.
You have reached level 2!
You barely miss the hobgoblin. The ball python bites you.
The ball python constricts you. The hobgoblin barely misses you.
The ball python bites you.
* * * LOW HITPOINT WARNING * * *
The ball python constricts you.
* * * LOW HITPOINT WARNING * * *
You escape the ball python's grasp.
You hit the hobgoblin.
The hobgoblin is severely wounded.
The hobgoblin barely misses you. The hobgoblin hits you.
* * * LOW HITPOINT WARNING * * *
You barely miss the hobgoblin.
The hobgoblin is severely wounded.
The hobgoblin hits you.
You die... ...#... #.##.###...... ...#... #.....######## ....... #>##†.# ....... #.##..# .......########..# .)...............# PPPP ......)S#######.## P.PP

.....#g#######.# ♣ P.♣
........@.....#.# PP ♣P
..............#.# .P.♣♣♣♣
..............#.#########
.......#..##.............
####...##.##.............
#$.. #..#.............
#... ##.#.....########
### .#.....#.P.♣PP♣
####.##P♣.P♣♣P


You could see a hobgoblin and a ball python.

Vanquished Creatures
  A ball python (D:1)
  2 bats (D:1)
  An endoplasm (D:1)
  A kobold (D:1)
  A frilled lizard (D:1)
  A goblin (D:1)
7 creatures vanquished.

Notes
Turn   | Place    | Note
-------+----------+-------------------------------------------
     0 | D:1      | Froggeryz the Ghoul Wanderer began the quest for the Orb.
     0 | D:1      | Froggeryz set off with the following items: a +0 club, 3
                  | throwing nets, a scroll of fog, a +0 leather armour; and
                  | the following spell memorised: Sting; and the following
                  | spells available to memorise: Ignite Poison
     0 | D:1      | Reached XP level 1. HP: 14/14 MP: 1/1
   263 | D:1      | Reached skill level 1 in Fighting
   263 | D:1      | Reached skill level 1 in Unarmed Combat
   287 | D:1      | Reached XP level 2. HP: 9/23 MP: 2/2
   289 | D:1      | HP: 1/23 [hobgoblin (4)]
   290 | D:1      | Slain by a hobgoblin

Illustrated notes

Levels and vault maps discovered:
D:1:      minmay_arrival_arboretum_large, layout_basic,
          chequers_ecumenical_altar_twisty, amcnicky_mini_rare_corridor_liquid,
          minmay_misc_feat_x

Skill      XL: |  1 |
---------------+----+-----
Fighting       | 1 |  1.1
Unarmed Combat | 1 |  1.1
Dodging        | |  4.5
Stealth        | |  2.1
Spellcasting   | |  1.0
Transmutations | |  1.7

Action                   || total
-------------------------++-------
Melee: Mace              ||    19
       Club              ||     8
Armor: Leather armour    ||    14
Dodge: Dodged            ||    29

Table legend: (Time is in decaauts)
 A = Elapsed time spent in this place.
 B = Non-inter-level travel time spent in this place.
 C = Inter-level travel time spent in this place.
 D = Time resting spent in this place.
 E = Time spent auto-exploring this place.
 F = Levels seen in this place.
 G = Mean time per level.
                   A        B        C        D        E       F      G
               +--------+--------+--------+--------+--------+-----+--------+
         Total |    299 |    299 |      0 |      0 |    211 |   1 |  299.0 |
       Dungeon |    299 |    299 |      0 |      0 |    211 |   1 |  299.0 |
               +--------+--------+--------+--------+--------+-----+--------+

Top non-repeatable levels by time:
     D:1: 299 daAuts
